[Event "*** SCC Grand Prix: Titled Tuesday Blitz"]
[Site "Chess.com"]
[Date "2020.06.02"]
[Round "7"]
[White "andy_rekt"]
[Black "ArnieChipmunk"]
[Result "1-0"]
[WhiteElo "2056"]
[BlackElo "2272"]
[TimeControl "180+1"]
[EndTime "11:20:51 PDT"]
[Termination "andy_rekt won by resignation"]

1. d4 d5 2. c4 e6 3. Nc3 c5 4. cxd5 exd5 5. Nf3 Nc6 6. g3 Nf6 7. Bg2 Be7 8. O-O O-O 9. Bg5 c4 10. Ne5 Be6 11. Nxc6 bxc6 12. b3 Qa5 13. Rc1 Rac8 14. bxc4 dxc4 15. Bxf6 Bxf6 16. Ne4 Be7 17. Qc2 Rfd8 18.
Rfd1 Bd5 19. e3 h5 20. Nc3 Bxg2 21. Kxg2 h4 22. gxh4 Bxh4 23. Ne4 Qf5 24. f3 Bg5 25. Re1 Rb8 26. Qxc4 Rb2+ 27. Rc2 Rdb8 28. Ree2 Rb1 29. Ng3 Qg6 30. Qxc6 f6 31. Qd5+ Kh7 32. Qf5 Bh4 33. Qxg6+ Kxg6 34. e4 Kf7 35. d5 Bxg3 36. hxg3 R8b7 37.
Red2 R1b4 38. Kf2 Ke7 39. Ke3 R4b6 40. f4 Kd6 41. Rc4 a5 42. Kd4 Rb4 43. e5+ fxe5+ 44. fxe5+ Kd7 45. Rxb4 Rxb4+ 46. Kc5 Rg4 47. Rd3 a4 48.
e6+ Ke7 49. d6+ Kxe6 50. d7 Rg5+ 51. Kc6 1-0

[Event "*** SCC Grand Prix: Titled Tuesday Blitz"]
[Site "Chess.com"]
[Date "2020.06.02"]
[Round "7"]
[White "Konavets"]
[Black "hanzo_hasashi1"]
[Result "0-1"]
[WhiteElo "2958"]
[BlackElo "2808"]
[TimeControl "180+1"]
[EndTime "11:20:54 PDT"]
[Termination "hanzo_hasashi1 won on time"]

1. e4 c5 2. Nf3 d6 3. d4 cxd4 4.
Nxd4 Nf6 5. Nc3 a6 6. Bg5 e6 7. f4 h6 8. Bh4 Qb6 9. Qd2 Qxb2 10. Rb1 Qa3 11. e5 dxe5 12. fxe5 Nfd7 13. Ne4 Qxa2 14.
Rd1 b6 15. Bd3 Bb7 16. O-O Qd5 17. Qf2 Nxe5 18. Bb5+ Nbd7 19. Bxd7+ Qxd7 20. Nf5 Bd5 21. Qg3 exf5 22. Nc3 f4 23. Rxf4 Bc5+ 24. Kh1 Qb7 25. Rxd5 Ng6 26. Re4+ Kf8 27. Qf3 Kg8 28. Bg3 Kh7 29. h4 Rhe8 30. h5 Nf8 31. Rf5 f6 32. Nd5 Rxe4 33. Qxe4 Kh8 34. Qg4 Re8 35. Kh2 Qc6 36.
Nf4 Ne6 37. Ng6+ Kh7 38. Bh4 Nd4 39. Rf1 f5 40. Qh3 Bd6+ 41. Bg3 Re3 42. Nf4 Qxc2 43. Qh4 Nf3+ 44. Rxf3 Rxf3 0-1

[Event "*** SCC Grand Prix: Titled Tuesday Blitz"]
[Site "Chess.com"]
[Date "2020.06.02"]
[Round "7"]
[White "JosefineHeinemann"]
[Black "WIDBIFS"]
[Result "1-0"]
[WhiteElo "2577"]
[BlackElo "2709"]
[TimeControl "180+1"]
[EndTime "11:20:54 PDT"]
[Termination "JosefineHeinemann won by resignation"]

1. e4 g6 2. d4 Bg7 3. Nc3 c6 4.
Be3 d5 5. exd5 cxd5 6. Bb5+ Nc6 7. Nf3 Bg4 8. h3 Bxf3 9. Qxf3 Nf6 10. O-O O-O 11.
Rad1 Rc8 12. Bg5 e6 13. Ne2 h6 14. Bxf6 Qxf6 15. Qxf6 Bxf6 16. c3 a6 17. Bxc6 Rxc6 18. Nc1 Rfc8 19. Nd3 Be7 20. Rc1 Bd6 21. Rc2 a5 22. Rfc1 h5 23. Kf1 Kg7 24. Ke2 Kf6 25. Kd2 b5 26. g3 h4 27. g4 g5 28. Rf1 b4 29. Rfc1 bxc3+ 30. Rxc3 Rc4 31. Rxc4 Rxc4 32. Rxc4 dxc4 33. Nc5 Bxc5 34. dxc5 Ke5 35. c6 Kd6 36.
Kc3 Kxc6 37. Kxc4 f5 38. f3 Kd6 39. b3 Ke5 40. a4 Kf4 41. b4 axb4 42. a5 Kxf3 43. a6 fxg4 44. hxg4 Kxg4 45. a7 Kg3 46. a8=Q g4 47. Qh1 h3 48. Kd3 b3 49. Ke3 b2 50.
Qg1+ Kh4 51. Kf4 b1=Q 52. Qxb1 h2 53. Qf1 g3 54. Qg2 1-0

[Event "*** SCC Grand Prix: Titled Tuesday Blitz"]
[Site "Chess.com"]
[Date "2020.06.02"]
[Round "7"]
[White "bazar-wokzal"]
[Black "Munkhzul_Turmunkh"]
[Result "0-1"]
[WhiteElo "2410"]
[BlackElo "2593"]
[TimeControl "180+1"]
[EndTime "11:20:54 PDT"]
[Termination "Munkhzul_Turmunkh won by resignation"]

1. e4 c5 2. c3 Nf6 3. e5 Nd5 4. Bc4 Nb6 5. Bb3 c4 6. Bc2 d6 7. exd6 Qxd6 8. Nf3 Qe6+ 9. Qe2 Qxe2+ 10. Kxe2 Nc6 11. Na3 g6 12. Nb5 Rb8 13. b3 a6 14.
Nbd4 Nxd4+ 15. Nxd4 e5 16. Nf3 f6 17. Re1 Kf7 18. Kf1 Be6 19. Rb1 Nd7 20. b4 Bd6 21.
a4 Rhe8 22. d4 cxd3 23. Bxd3 Rbc8 24. Bb2 Nb6 25. a5 Nc4 26. Bc1 Bf8 27. Be4 Nd6 28.
Bb2 Bc4+ 29. Kg1 Nxe4 30. Rxe4 Bd3 31. Rbe1 Bxe4 32. Rxe4 Red8 33. g4 Rd3 34. Kg2 h6 35.
h4 Be7 36. g5 hxg5 37. hxg5 Ke6 38. gxf6 Bxf6 39. c4 Kf5 40. Re2 Rxc4 41. Bxe5 Rxf3 42.
Bxf6 Rb3 43. Be7 Re4 44. Rxe4 Kxe4 45. Bc5 Rb2 46. Kg3 Kf5 47. Kf3 Rb3+ 48. Kg2 g5 49.
Kh2 Ke4 50. Kg2 Kd5 51. Kh2 Kc4 52. Kg2 Kd5 53. f3 Ke6 54. Kg3 Kf5 55. Be7 g4 56. Bc5 Rxf3+ 57. Kg2 Rb3 58. Kf2 Ke4 59. Kg2 Kd5 60.
Kf2 Kc4 61. Bd6 Rxb4 0-1

[Event "*** SCC Grand Prix: Titled Tuesday Blitz"]
[Site "Chess.com"]
[Date "2020.06.02"]
[Round "7"]
[White "szachuspl"]
[Black "Boninknights"]
[Result "1-0"]
[WhiteElo "2530"]
[BlackElo "2393"]
[TimeControl "180+1"]
[EndTime "11:20:54 PDT"]
[Termination "szachuspl won on time"]

1. d4 Nf6 2. c4 e6 3. Nf3 a6 4. Nc3 c5 5. d5 exd5 6. cxd5 d6 7. a4 g6 8. Bf4 Bg7 9. e3 Bg4 10. Be2 Bxf3 11. Bxf3 O-O 12. O-O Qc7 13. a5 Nbd7 14. Qc2 b5 15. axb6 Qxb6 16. Ra2 Ne8 17. Rfa1 Nc7 18. h4 Ne5 19. Be2 Rfb8 20. h5 a5 21. hxg6 hxg6 22. Qd1 Qb4 23. Bf1 c4 24. Bg3 Qc5 25. Ne4 Qxd5 26. Qxd5 Nxd5 27. Nxd6 Nb4 28. Rxa5 Rxa5 29. Rxa5 Nbd3 30. Ra7 Rxb2 31. Bxe5 Nxe5 32. Nxc4 Nxc4 33. Bxc4 Rb1+ 34. Kh2 Be5+ 35. g3 Kg7 36. Rxf7+ Kh6 37. Kg2 Rb2 38. Re7 Bc3 39. Bd3 Be1 40.
Rf7 Kg5 41. Rf4 Bc3 42. Kf3 Be1 43. Kg2 Bd2 44. Be4 Bxe3 45. Rf3 Bd4 46. Bd3 Kh6 47.
Rf4 Be3 48. Rf6 Kg7 49. Rxg6+ Kf7 50. Rg4 Rxf2+ 51. Kh3 Rd2 52. Be4 1-0

[Event "*** SCC Grand Prix: Titled Tuesday Blitz"]
[Site "Chess.com"]
[Date "2020.06.02"]
[Round "7"]
[White "CrushingKings"]
[Black "Gerodot71"]
[Result "1-0"]
[WhiteElo "2509"]
[BlackElo "2367"]
[TimeControl "180+1"]
[EndTime "11:20:54 PDT"]
[Termination "CrushingKings won on time"]

1. e4 e5 2. Nf3 Nc6 3. Bc4 Nf6 4.
d3 h6 5. O-O g5 6. d4 d6 7.
dxe5 dxe5 8. Qxd8+ Kxd8 9. Bxf7 Nxe4 10. Bd5 Nf6 11. Bxc6 bxc6 12. Nxe5 Be6 13. Re1 Bd6 14. Nxc6+ Kd7 15. Nd4 Bf7 16. Nc3 Rhe8 17. Be3 Rab8 18.
Ndb5 a6 19. Nxd6 cxd6 20. b3 Nd5 21. Nxd5 Bxd5 22. c4 Bb7 23. Rad1 Kc7 24. Rd2 Rbd8 25. Red1 Re4 26. Bd4 Rde8 27. f3 Re2 28. Bf2 Rxd2 29. Rxd2 h5 30. Bg3 g4 31. Rxd6 Kc8 32. Kf2 Rf8 33. Rd3 Re8 34. Re3 Rd8 35. Ke2 a5 36.
Bh4 Rf8 37. Be7 Rg8 38. Kf2 a4 39. f4 axb3 40. axb3 Bc6 41. f5 Kd7 42. f6 Ke8 43. Kg3 Kf7 44. b4 Kg6 45. b5 Bb7 46. c5 h4+ 47. Kxh4 Bxg2 48. Kxg4 Kf7+ 49. Kf4 Bh3 50. c6 Rg4+ 51. Ke5 Rg8 52. Kd6 Be6 53. Rxe6 Re8 54.
Kd7 Ra8 55. c7 1-0

[Event "*** SCC Grand Prix: Titled Tuesday Blitz"]
[Site "Chess.com"]
[Date "2020.06.02"]
[Round "7"]
[White "Pavel_Mir"]
[Black "PavlovDanila"]
[Result "0-1"]
[WhiteElo "2298"]
[BlackElo "2627"]
[TimeControl "180+1"]
[EndTime "11:20:55 PDT"]
[Termination "PavlovDanila won by resignation"]

1. e4 e6 2. d4 d5 3. Nd2 Nf6 4. e5 Nfd7 5. Bd3 c5 6. c3 Nc6 7. Ne2 cxd4 8. cxd4 f6 9. exf6 Nxf6 10. Nf3 Bd6 11. O-O Qc7 12. Nc3 a6 13. Be3 O-O 14.
Rc1 g6 15. Na4 Ng4 16. h3 Nxe3 17. fxe3 Qg7 18. Nc5 e5 19. e4 dxe4 20. Nxe4 Bc7 21. d5 Bb6+ 22. Kh1 Nd4 23. Nfg5 Rxf1+ 24. Qxf1 Bf5 25.
d6 Rf8 26. Bc4+ Kh8 27. Ng3 h6 28. Nxf5 Nxf5 29. Ne4 Nxd6 30. Nxd6 Rxf1+ 31. Rxf1 Qe7 32. Ne4 Kg7 33. g4 Bd4 34. Kg2 Bxb2 35. Rf7+ Qxf7 36. Bxf7 Kxf7 37. Nd6+ Ke6 38. Nxb7 Kd5 39. Kf3 Bd4 40. Nd8 e4+ 41. Ke2 Bf6 42. Nb7 Bc3 43. Nd8 Bb4 44.
Nf7 Bf8 45. h4 Ke6 46. Nd8+ Kd7 47. Nb7 Bb4 48. h5 gxh5 49. gxh5 Kc7 50. Ke3 Kxb7 51. Kxe4 Be7 52. Kd5 Bg5 53. Ke6 Kb6 0-1

[Event "*** SCC Grand Prix: Titled Tuesday Blitz"]
[Site "Chess.com"]
[Date "2020.06.02"]
[Round "7"]
[White "AlexTriapishko"]
[Black "m_ezat"]
[Result "1-0"]
[WhiteElo "2706"]
[BlackElo "2541"]
[TimeControl "180+1"]
[EndTime "11:20:56 PDT"]
[Termination "AlexTriapishko won by resignation"]

1. e4 c6 2. Nf3 d5 3. d3 Bg4 4. Qe2 e6 5. h3 Bxf3 6. Qxf3 Nd7 7. g3 g6 8. Bg2 Bg7 9. O-O Ne7 10. Rd1 O-O 11. d4 f5 12. e5 c5 13. c3 Nc6 14. h4 Qb6 15. Qd3 Rac8 16. Na3 f4 17. Bh3 Ncxe5 18. dxe5 Nxe5 19. Qb5 Qd6 20. Bxf4 Rxf4 21.
gxf4 Nf3+ 22. Kf1 Rf8 23. Qe2 Qxf4 24. Rd3 Qh2 25. Qxe6+ Kh8 26. Ke2 Nd4+ 27. cxd4 Rxf2+ 28. Kd1 c4 29. Re3 Qh1+ 30. Re1 Qf3+ 31. Re2 Qh1+ 32.
Kc2 Rxe2+ 33. Qxe2 Qe4+ 34. Qxe4 dxe4 35. Re1 g5 36.
Rxe4 g4 37. Re8+ Bf8 38. Rxf8+ Kg7 39. Rf1 gxh3 40. Rh1 Kf6 41. Rxh3 Kf5 42. Nxc4 Kg4 43. Rd3 h5 44. d5 Kf4 45. d6 1-0

[Event "*** SCC Grand Prix: Titled Tuesday Blitz"]
[Site "Chess.com"]
[Date "2020.06.02"]
[Round "7"]
[White "AlexOstrovskiy"]
[Black "OrtizMarcos"]
[Result "1-0"]
[WhiteElo "2525"]
[BlackElo "2329"]
[TimeControl "180+1"]
[EndTime "11:20:56 PDT"]
[Termination "AlexOstrovskiy won on time"]

1. d4 Nf6 2. Bf4 d6 3. Nc3 Nbd7 4. Nf3 c6 5. e4 Qa5 6. Qd2 e5 7. Bg5 b5 8. Bd3 b4 9. Ne2 Be7 10. O-O O-O 11. a3 Rb8 12. axb4 Qxb4 13. Qxb4 Rxb4 14.
b3 Rb7 15. h3 Re8 16. Be3 c5 17. dxe5 Nxe5 18. Nxe5 dxe5 19. Ra5 Bd8 20. Rxc5 Bb6 21. Rb5 Bd7 22. Rb4 Bc6 23. Bxb6 Rxb6 24. Rxb6 axb6 25.
f3 Ra8 26. Kf2 Kf8 27. Ke3 Ke7 28. g4 h6 29. h4 Nd7 30. b4 Ra3 31. h5 Nf8 32.
Ng3 Ne6 33. Nf5+ Kf6 34. Kd2 Nf4 35. Rb1 Nxd3 36. cxd3 Bb5 37. Rb2 Rxd3+ 38. Kc1 Rxf3 39. Rc2 Rf4 40. Rc7 Rxe4 41. Rb7 Rxg4 42. Rxb6+ Kxf5 43. Rxb5 f6 44. Rb7 Rc4+ 45. Kd2 Ke4 46. b5 1-0

[Event "*** SCC Grand Prix: Titled Tuesday Blitz"]
[Site "Chess.com"]
[Date "2020.06.02"]
[Round "7"]
[White "quesfr"]
[Black "Gandrade2"]
[Result "1-0"]
[WhiteElo "2245"]
[BlackElo "2015"]
[TimeControl "180+1"]
[EndTime "11:20:57 PDT"]
[Termination "quesfr won by resignation"]

1. e4 c5 2. Nf3 g6 3. d4 cxd4 4.
Qxd4 Nf6 5. Nc3 Nc6 6. Qa4 d6 7. e5 dxe5 8. Nxe5 Bd7 9. Nxd7 Nxd7 10. Be2 Bg7 11. O-O O-O 12. Rd1 Qc8 13. Nd5 Re8 14. c3 Nf6 15. Be3 Nxd5 16. Rxd5 Rd8 17. Rad1 Rxd5 18. Rxd5 Qe6 19. Bc4 Qg4 20. Rd8+ Nxd8 21.
Bxf7+ Nxf7 22. Qxg4 Rd8 23. g3 Ne5 24. Qe4 Rd1+ 25. Kg2 Nc6 26. Qg4 Rd8 27. Qe6+ Kh8 28. a4 a6 29. h4 Rf8 30. Bc5 Bf6 31. Qd7 Rb8 32. Qc7 Kg7 33. Be3 h6 34. Qd7 h5 35. Bf4 Be5 36. Bxe5+ Nxe5 37. Qxe7+ Nf7 38. Qc7 Re8 39. Qxb7 Kf8 40. Qxa6 Ne5 41. Qe2 Kf7 42.
Qe4 Ng4 43. Qd5+ Kg7 44. Qd7+ Kf8 45. a5 Re2 46. Qd6+ Kg7 47. Qd4+ Kf8 48. a6 Rxb2 49. a7 Nxf2 50. Qxf2+ 1-0

[Event "*** SCC Grand Prix: Titled Tuesday Blitz"]
[Site "Chess.com"]
[Date "2020.06.02"]
[Round "7"]
[White "Tormoz"]
[Black "malandragem"]
[Result "1/2-1/2"]
[WhiteElo "2639"]
[BlackElo "2480"]
[TimeControl "180+1"]
[EndTime "11:20:58 PDT"]
[Termination "Game drawn - insufficient material"]

1. e4 e5 2. Nf3 Nc6 3. Nc3 Nf6 4. Bb5 Nd4 5. Bc4 c6 6. O-O d6 7. Ng5 d5 8. Bd3 h6 9. Nf3 Bg4 10. Be2 Nxe2+ 11. Qxe2 d4 12. Nb1 Bd6 13. d3 O-O 14. Nbd2 b5 15. h3 Bh5 16. a4 a6 17. g4 Nxg4 18.
hxg4 Bxg4 19. Kg2 f5 20. Rg1 Qe8 21. Kf1 Qh5 22. axb5 cxb5 23. exf5 Rxf5 24. Qe4 Bxf3 25. Nxf3 Qxf3 26. Qxf3 Rxf3 27. Bxh6 Rf7 28. Ke2 Rc7 29. Kd1 a5 30. Rg6 Bb4 31. Bd2 Bxd2 32. Kxd2 a4 33. Rag1 Rac8 34. c3 Rf8 35. R1g2 dxc3+ 36. bxc3 Ra7 37. Ke3 a3 38. Rg1 a2 39. Ra1 Rc8 40.
Kd2 Ra3 41. Rb6 Rcxc3 42. Rxb5 Rxd3+ 43. Ke2 e4 44. Rb4 e3 45. Rb2 exf2 46. Kxf2 Kf7 47.
Rbxa2 Rxa2+ 48. Rxa2 Rd5 49. Ra6 Re5 50. Kg3 Re6 51. Ra5 Kf6 52. Rb5 g5 53. Ra5 Re5 54. Rxe5 Kxe5 55. Kg4 Kd5 56. Kxg5 1/2-1/2

[Event "*** SCC Grand Prix: Titled Tuesday Blitz"]
[Site "Chess.com"]
[Date "2020.06.02"]
[Round "7"]
[White "anastasiyakarlovych"]
[Black "MartinMatthiesen"]
[Result "0-1"]
[WhiteElo "1939"]
[BlackElo "2362"]
[TimeControl "180+1"]
[EndTime "11:20:58 PDT"]
[Termination "MartinMatthiesen won on time"]

1. e4 c5 2. Nf3 d6 3. Bc4 Nf6 4. e5 dxe5 5. Nxe5 e6 6. Qe2 Be7 7. b3 O-O 8. Bb2 a6 9. a4 b6 10.
O-O Bb7 11. Na3 Nd5 12. f4 Nc6 13. Nxc6 Bxc6 14. Bxa6 Nb4 15. Bb5 Bb7 16. Rad1 Bf6 17. Be5 Nc6 18. Nc4 Nd4 19. Bxd4 Bxd4+ 20. Kh1 Qc7 21.
Ne5 Rad8 22. Bd3 f5 23. Bc4 Rfe8 24. c3 Bxe5 25. fxe5 Bd5 26. d4 Qc6 27. Bb5 Qb7 28. Bxe8 Rxe8 29. c4 Be4 30. Rf4 cxd4 31. Rxd4 Bc6 32. h3 g5 33. Rf1 f4 34. Rd6 Rf8 35.
Qg4 Kh8 36. Qxe6 Bxg2+ 37. Kh2 Bxf1 38. Rd5 f3 39. Qg4 f2 40. e6 Bxh3 41. Qd4+ Qg7 42. e7 f1=N+ 43. Kxh3 Re8 44. Qxg7+ Kxg7 0-1

[Event "*** SCC Grand Prix: Titled Tuesday Blitz"]
[Site "Chess.com"]
[Date "2020.06.02"]
[Round "7"]
[White "VladimirBugayev"]
[Black "pastouche06"]
[Result "1-0"]
[WhiteElo "2165"]
[BlackElo "2466"]
[TimeControl "180+1"]
[EndTime "11:20:58 PDT"]
[Termination "VladimirBugayev won on time"]

1. e4 c6 2. d4 d5 3. f3 Qb6 4. Nc3 dxe4 5. fxe4 e5 6. d5 Bc5 7. Nf3 Bf2+ 8. Ke2 Bc5 9. Nxe5 Nf6 10. Kd3 cxd5 11.
Bf4 dxe4+ 12. Kd2 O-O 13. Kc1 Be3+ 14. Bxe3 Qxe3+ 15. Qd2 Qc5 16. Nc4 Nc6 17. Qe3 Qe7 18. Be2 Bf5 19. Rf1 Bg6 20. a4 Rad8 21. b3 Nd5 22. Nxd5 Rxd5 23. Kb2 Rfd8 24. Rad1 Rxd1 25. Rxd1 Rxd1 26. Bxd1 a6 27. a5 Qb4 28. c3 Qe7 29.
Be2 h6 30. g3 Qd8 31. h4 Nxa5 32. Nxa5 Qxa5 33. h5 Bf5 34. g4 Be6 35. Qxe4 Qb6 36.
Bc4 Bxc4 37. Qxc4 Kf8 38. Qc8+ Ke7 39. Qf5 Qe6 40. Qc5+ 1-0

[Event "*** SCC Grand Prix: Titled Tuesday Blitz"]
[Site "Chess.com"]
[Date "2020.06.02"]
[Round "7"]
[White "chessbia"]
[Black "mjray79"]
[Result "0-1"]
[WhiteElo "2116"]
[BlackElo "2310"]
[TimeControl "180+1"]
[EndTime "11:21:00 PDT"]
[Termination "mjray79 won by checkmate"]

1. d4 Nf6 2. c4 g6 3. Nc3 Bg7 4. e4 d6 5. h3 O-O 6. Be3 e5 7. d5 a5 8. g4 Na6 9. Nge2 Nd7 10. Ng3 Ndc5 11. h4 f5 12. gxf5 gxf5 13. exf5 Bxf5 14. Nh5 Nb4 15. Bxc5 Nc2+ 16. Kd2 Nxa1 17. Nxg7 Kxg7 18. Be3 Nc2 19. Bg5 Qd7 20. Qh5 Qf7 21. Qh6+ Kh8 22. Rg1 Nd4 23. Be2 Nxe2 24. Nxe2 Qg6 25. Ng3 Qxh6 26.
Bxh6 Rg8 27. Bg5 Raf8 28. Be3 Bg4 29. b3 h5 30. Ne4 Bf3 31. Ng5 Bg4 32. Ra1 Kg7 33.
a3 Kf6 34. Kc3 Kf5 35. Ne6 Rc8 36. b4 Ke4 37. Ng5+ Kf5 38. c5 axb4+ 39. axb4 Ra8 40.
Rb1 Kf6 41. Ne4+ Ke7 42. Ng3 Ra3+ 43. Kc4 Rga8 44. Rb2 Bf3 45. Nf5+ Kd7 46. cxd6 cxd6 47. Kb5 Ra2 48. Rb3 Be2+ 49. Kb6 R8a7 50. Rc3 R2a6# 0-1

[Event "*** SCC Grand Prix: Titled Tuesday Blitz"]
[Site "Chess.com"]
[Date "2020.06.02"]
[Round "7"]
[White "mortngabriel"]
[Black "Abund"]
[Result "1-0"]
[WhiteElo "2468"]
[BlackElo "2592"]
[TimeControl "180+1"]
[EndTime "11:21:01 PDT"]
[Termination "mortngabriel won on time"]

1. e4 c5 2. Nf3 Nc6 3. Bb5 g6 4. O-O Bg7 5. Re1 Nf6 6. c3 O-O 7. h3 e5 8. Bxc6 dxc6 9. Nxe5 Re8 10. f4 Nh5 11. d4 cxd4 12. cxd4 Qh4 13. Nc3 Nxf4 14.
Nf3 Qg3 15. Bxf4 Qxf4 16. Qe2 Bf5 17. Rad1 Rad8 18. Qd2 Qxd2 19. Rxd2 Bc8 20. Red1 b6 21. Kf2 Bh6 22. Rc2 Bb7 23. e5 c5 24. dxc5 bxc5 25. Rxd8 Rxd8 26. Na4 Bd5 27. b3 c4 28. bxc4 Rc8 29.
c5 Bf8 30. Nd4 Bc6 31. Nxc6 Rxc6 32. Ke3 Ra6 33. Rc4 Rc6 34. Kd4 Be7 35. Kd5 Rc7 36. c6 Kf8 37. Nc5 Bxc5 38. Kxc5 Ke7 39. Rb4 Kd8 40. Rb7 Rxb7 41. cxb7 Kc7 42. g4 h6 43.
b8=Q+ Kxb8 44. Kd6 f5 45. exf6 1-0

[Event "*** SCC Grand Prix: Titled Tuesday Blitz"]
[Site "Chess.com"]
[Date "2020.06.02"]
[Round "7"]
[White "GoltsevDmitry2000"]
[Black "Irishchessman16"]
[Result "0-1"]
[WhiteElo "2620"]
[BlackElo "2433"]
[TimeControl "180+1"]
[EndTime "11:21:01 PDT"]
[Termination "Irishchessman16 won by checkmate"]

1. e4 c5 2. Nf3 Nc6 3. d4 cxd4 4. Nxd4 Nf6 5. Nc3 e5 6. Ndb5 d6 7. Nd5 Nxd5 8. exd5 Nb8 9. c3 Be7 10. Be3 a6 11. Na3 O-O 12. Bd3 f5 13. f3 e4 14.
fxe4 f4 15. Bf2 f3 16. gxf3 Bh4 17. Qd2 Rxf3 18. O-O Bg5 19. Qd1 Bg4 20. Be2 Qf6 21. Bxf3 Bxf3 22. Bd4 Be3+ 23. Bxe3 Qg6+ 24. Kf2 Qg2+ 25.
Ke1 Bxd1 26. Rxd1 Qxe4 27. Kd2 Nd7 28. Nc2 Qxd5+ 29. Bd4 Qxa2 30. Kc1 Rf8 31. Rg1 g6 32. Rg2 Ne5 33. Nb4 Qe6 34. Re1 a5 35. Bxe5 axb4 36. Bg3 Qa2 37. Bxd6 Rd8 38. Rd1 Qa1+ 39. Kc2 b3+ 40.
Kxb3 Qxd1+ 41. Kc4 Rxd6 42. Rg3 Qd5+ 43. Kb4 Rb6+ 44.
Ka4 Qb3+ 45. Ka5 Qb5# 0-1

[Event "*** SCC Grand Prix: Titled Tuesday Blitz"]
[Site "Chess.com"]
[Date "2020.06.02"]
[Round "7"]
[White "DonPreuss"]
[Black "pooh2012"]
[Result "1/2-1/2"]
[WhiteElo "2232"]
[BlackElo "2397"]
[TimeControl "180+1"]
[EndTime "11:21:01 PDT"]
[Termination "Game drawn by repetition"]

1. d4 d5 2. e4 dxe4 3. Nc3 Nf6 4. f3 c6 5. Bc4 Bf5 6. Be3 e6 7. fxe4 Nxe4 8. Nf3 Bb4 9. O-O Nxc3 10. bxc3 Bxc3 11. Rb1 b5 12. Bd3 Bg6 13. Ne5 Bxd4 14. Bxg6 Bxe3+ 15. Kh1 fxg6 16. Qxd8+ Kxd8 17. Nf7+ Kc7 18. Nxh8 Nd7 19.
Nf7 Rf8 20. Rb3 Bd4 21. Rbf3 Bf6 22. Ng5 Re8 23. Ne4 e5 24. Rd3 Re7 25. Rfd1 Nb6 26. Ra3 Na4 27. c4 Rd7 28. Rc1 Kb6 29. cxb5 cxb5 30.
Rb1 Rd4 31. Nc3 Nxc3 32. Rxc3 a6 33. Rbc1 e4 34. Kg1 Rd6 35. R3c2 Bd4+ 36. Kf1 e3 37. Ke2 h6 38. Rf1 g5 39. h3 Be5 40. Rf5 Bf4 41.
Rf7 Rd2+ 42. Rxd2 exd2 43. Rxg7 h5 44. g3 Bxg3 45. Rxg5 h4 46. Rg6+ Ka5 47. Kxd2 Ka4 48.
Kc2 a5 49. Kb2 b4 50. Kc2 Be5 51. Rg5 Bg3 52. Rh5 Bf2 53. Kb2 Bg3 54. Kc2 Be1 55.
Re5 Bg3 56. Rh5 1/2-1/2

[Event "*** SCC Grand Prix: Titled Tuesday Blitz"]
[Site "Chess.com"]
[Date "2020.06.02"]
[Round "7"]
[White "GOGIEFF"]
[Black "Gloomy_Wanderer"]
[Result "1/2-1/2"]
[WhiteElo "2953"]
[BlackElo "2784"]
[TimeControl "180+1"]
[EndTime "11:21:02 PDT"]
[Termination "Game drawn by agreement"]

1. d4 Nf6 2. c4 e6 3. Nc3 Bb4 4. e3 b6 5. Ne2 Ba6 6. a3 Bxc3+ 7. Nxc3 d5 8. b3 O-O 9. a4 dxc4 10. Ba3 Re8 11. bxc4 Nc6 12. Bd3 e5 13. d5 Na5 14.
Nb5 c6 15. dxc6 Nxc6 16. O-O Qd7 17. Be2 Red8 18. Qb1 Rac8 19. Rd1 Qe6 20. Qb2 Ne8 21. c5 Na5 22. Nxa7 Bxe2 23. Qxe2 Rxd1+ 24. Rxd1 Ra8 25. cxb6 Qxb6 26. Nb5 Nc6 27. Qc4 Qa6 28. Rd7 Nd8 29. h4 Nf6 30. Rc7 h6 31. Be7 Ne6 32. Rc6 Qxa4 33.
Rc8+ Kh7 34. Qxa4 Rxa4 35. Bxf6 gxf6 36. Nd6 Rxh4 37. Nxf7 Rg4 38. Rc6 Ng5 39. Rxf6 Kg7 40. Nxe5 Rxg2+ 41. Kxg2 Kxf6 42. Ng4+ Kg6 43. f3 h5 44. Nf2 Kf5 45. Nh3 Ne6 46. Kg3 Nc7 47. e4+ Ke5 48. Ng5 Ne6 49. f4+ Nxf4 50. Kh4 Nd3 51. Kxh5 1/2-1/2

[Event "*** SCC Grand Prix: Titled Tuesday Blitz"]
[Site "Chess.com"]
[Date "2020.06.02"]
[Round "7"]
[White "CaspiIsrael"]
[Black "youngKID"]
[Result "0-1"]
[WhiteElo "2584"]
[BlackElo "2767"]
[TimeControl "180+1"]
[EndTime "11:21:02 PDT"]
[Termination "youngKID won by checkmate"]

1. e4 c5 2. Nf3 Nc6 3. d4 cxd4 4.
Nxd4 Nf6 5. Nc3 d6 6. f3 e5 7. Nb3 Be6 8. Nd5 Be7 9. Be3 O-O 10. Qd2 a5 11. c4 a4 12. Nc1 a3 13. b4 Bxd5 14.
cxd5 Nd4 15. Ne2 Nxe2 16. Bxe2 Nh5 17. g3 Nf6 18. O-O Qd7 19. Rfc1 Rfc8 20. Kg2 h6 21.
Qd3 Nh7 22. h4 g5 23. h5 g4 24. f4 exf4 25. gxf4 Bf6 26. Rxc8+ Rxc8 27. Rc1 Rxc1 28. Bxc1 Bb2 29. Be3 Nf6 30. Qd1 Qe7 31. Bd3 Kh8 32.
Qc2 Qe8 33. f5 Qe5 34. Bxh6 Nxh5 35. Qd2 Qg3+ 36. Kf1 Qf3+ 37. Ke1 Kh7 38. Be3 Bc3 39. Qxc3 Qxe3+ 40. Kd1 Nf4 41. Kc2 g3 42. e5 dxe5 43.
Bf1 Qxc3+ 44. Kxc3 Nxd5+ 45. Kc4 Ne3+ 46. Kc5 Nxf1 47.
Kb6 g2 48. Kxb7 g1=Q 49. b5 Qc5 50. b6 Ne3 51. Ka7 Nxf5 52. Ka8 Nd6 53. b7 Qa5+ 54. Kb8 Qb6 55. Ka8 Qxb7# 0-1

[Event "*** SCC Grand Prix: Titled Tuesday Blitz"]
[Site "Chess.com"]
[Date "2020.06.02"]
[Round "7"]
[White "jocmil"]
[Black "Susal_De_Silva"]
[Result "1-0"]
[WhiteElo "2472"]
[BlackElo "2347"]
[TimeControl "180+1"]
[EndTime "11:21:03 PDT"]
[Termination "jocmil won by resignation"]

1. Nf3 Nf6 2. c4 b6 3. Nc3 Bb7 4. g3 g6 5. Bg2 Bg7 6. O-O O-O 7. Re1 d6 8. e4 Nfd7 9. d4 e5 10. d5 a5 11. b3 Na6 12. Bb2 Nac5 13. a3 a4 14. b4 Nb3 15. Rb1 f5 16. Nxa4 fxe4 17.
Rxe4 Rxa4 18. Qxb3 Ra8 19. Bc1 Nf6 20. Re1 h6 21.
Nd2 Bc8 22. Ne4 Bd7 23. Bd2 Nxe4 24. Bxe4 Qf6 25. f3 Bf5 26. Rf1 h5 27. Qd3 Rf7 28. g4 Bxe4 29. fxe4 Qh4 30. Rxf7 Qxg4+ 31. Qg3 Qxg3+ 32.
hxg3 Kxf7 33. Ra1 Bf6 34. a4 g5 35. a5 bxa5 36. bxa5 Ra6 37. Kf2 Bd8 38. Ke2 Ke7 39. Bxg5+ Kd7 40. Bxd8 Kxd8 41. Kd3 Kd7 42. Kc3 c5 43.
Kd3 Ke7 44. Ke3 Kf6 45. Kf3 Kg5 46. Ra2 Kg6 47. Kg2 Kg5 48. Kh3 Kg6 49. Kh4 Kh6 50. g4 hxg4 51. Kxg4 Kg6 52. Ra3 Kf6 53. Kh5 Ke7 54. Kg6 Kd7 55. Kf7 Kc7 56. Ke7 Ra7 57. a6 Ra8 58. a7 1-0

[Event "*** SCC Grand Prix: Titled Tuesday Blitz"]
[Site "Chess.com"]
[Date "2020.06.02"]
[Round "7"]
[White "Zmof"]
[Black "WinstonSilvakov"]
[Result "0-1"]
[WhiteElo "2209"]
[BlackElo "2075"]
[TimeControl "180+1"]
[EndTime "11:21:03 PDT"]
[Termination "WinstonSilvakov won by resignation"]

1. e4 Nf6 2. e5 Nd5 3. d4 d6 4. c4 Nb6 5. exd6 cxd6 6. Be3 g6 7. Nc3 Bg7 8. Rc1 O-O 9. Bd3 e5 10. Nge2 Nc6 11. d5 Ne7 12. c5 dxc5 13. Bxc5 Nd7 14. Bxe7 Qxe7 15. O-O a6 16. Kh1 f5 17. f4 b5 18. d6 Qh4 19. Ng1 Bb7 20. Nf3 Qxf4 21. Ne2 Qe3 22. Rc7 Nc5 23. Bc2 Rab8 24. b4 Ne4 25. Rxb7 Rxb7 26. Bxe4 Qxe4 27. Ng3 Qc6 28.
Qb3+ Kh8 29. Ng5 Qxd6 30. Rd1 Qf6 31. Ne6 Re8 32. Nc5 Rbe7 33. Nd7 Qc6 34. Nc5 e4 35. Ne2 Be5 36. Rd5 Bb8 37. Qd1 Qc7 38. g3 Qb6 39. Nf4 Qf6 40. Kg2 Bxf4 41. gxf4 e3 42. Qe2 Qc6 43. Qf3 e2 44. Nd3 e1=Q 45. Nxe1 Rxe1 46.
h4 Qc1 47. Qf2 R1e2 0-1

[Event "*** SCC Grand Prix: Titled Tuesday Blitz"]
[Site "Chess.com"]
[Date "2020.06.02"]
[Round "7"]
[White "DenisQ"]
[Black "swimmerchess"]
[Result "1-0"]
[WhiteElo "2607"]
[BlackElo "2816"]
[TimeControl "180+1"]
[EndTime "11:21:04 PDT"]
[Termination "DenisQ won by resignation"]

1. Nf3 Nf6 2. c4 g6 3. Nc3 Bg7 4. g3 d6 5. Bg2 O-O 6. O-O e5 7. Rb1 Nc6 8. b4 Re8 9. b5 Nd4 10. d3 Bg4 11. Bg5 Nxf3+ 12. Bxf3 Bxf3 13. exf3 h6 14.
Bxf6 Qxf6 15. Nd5 Qd8 16. Qa4 Qd7 17. Kg2 a5 18. Rfe1 b6 19. Qc2 Re6 20. h4 h5 21.
Re2 Rae8 22. Rbe1 Bh6 23. f4 Bg7 24. fxe5 Bxe5 25. Qd2 Bg7 26. Qd1 Kh7 27. Nf4 Re5 28. Re4 c6 29. bxc6 Qxc6 30. Qf3 b5 31. Rxe5 Qxf3+ 32. Kxf3 dxe5 33. cxb5 Rd8 34. Ng2 Rxd3+ 35. Ne3 f5 36. b6 e4+ 37. Kg2 Be5 38. Nc4 Bb8 39. Nxa5 Ra3 40. Nc6 Bd6 41. b7 Rxa2 42. Rd1 Rb2 43.
Rxd6 Rxb7 44. Ne5 Rg7 45. Rd7 Rxd7 46. Nxd7 Kg7 47. f4 Kf7 48. Kf2 Ke6 49. Ne5 Kf6 50. Ke3 Kg7 51. Kd4 Kf6 52. Kd5 e3 53. Nf3 e2 54. Kd4 Ke6 55. Ke3 Kd5 56. Kxe2 Ke4 57.
Ne5 g5 58. hxg5 h4 59. gxh4 Kxf4 60. g6 1-0